AoeStats
← Groove8733

Arena

510284419Analyzed
1v1 RM · 1d ago on Sep 30, 2026· 42m 33s· 2 players
Game mode
Random Map
Map size
Tiny (2 player)
Population
200
Speed
Normal
Resources
Standard
Victory
Conquest
Starting age
Dark Age
Ending age
Imperial Age
RankedLock teamsTeams togetherTeam positionsShared explorationLock speedFull tech treeHidden civsTurbo modeCheats
Victory
Defeat
🇨🇳 Saxons · China
632
+14
🇦🇺 Bohemians · Australia
579
-26
Groove8733
5:34 Loom
9:55 Feudal Age
11:19 Wheelbarrow
11:10 Double-Bit Axe
18:55 Castle Age
18:08 Scale Barding Armor
18:48 Horse Collar
20:24 Chain Barding Armor
23:29 Heavy Plow
26:56 Crossbowman
32:52 Imperial Age
31:06 Light Cavalry
32:03 Forging
34:31 Chemistry
33:52 Ballistics
34:03 Bow Saw
36:41 Iron Casting
36:01 Guard Tower
37:36 Hand Cart
37:36 Wagenburg Tactics
39:11 Blast Furnace
白墨
13:28 Feudal Age
13:55 Horse Collar
17:19 Castle Age
16:01 Gold Mining
15:57 Double-Bit Axe
20:19 Sanctity
20:28 Heavy Plow
21:34 Bow Saw
24:13 Gold Shaft Mining
26:03 Wheelbarrow
28:13 Imperial Age
26:03 Loom
26:03 Town Watch
26:25 Stone Mining
27:34 Hand Cart
27:26 Squires
27:12 Arson
27:54 Ballistics
27:46 Forging
27:36 Scale Mail Armor
29:25 Iron Casting
29:42 Chain Mail Armor
31:03 Chemistry
29:28 Elite Varangian Guard
31:35 Two-Man Saw
32:10 Treadmill Crane
33:14 Masonry
33:37 Plate Mail Armor
33:19 Scale Barding Armor
33:28 Bloodlines
33:18 Husbandry
32:40 Light Cavalry
34:14 Conscription
35:35 Capped Ram
35:59 Hussar
37:14 Chain Barding Armor
36:52 Murder Holes
37:27 Architecture
39:25 Shield Wall
41:18 Hoardings
Connection lost

Rejoining the realm…

Still unreachable

The connection could not be restored.

Session expired

The server has moved on; the page needs a fresh start.